SNL (28 & UNDER)
SANTA FE DIABLOS @ NEW HAMPSHIRE FISHER CATS
04/30/2023
 
TOP OF THE 1ST
Santa Fe Diablos batting - Pitching for New Hampshire Fisher Cats : RHP Troy Bannon
Pitching: RHP Troy Bannon
Batting: RHB Henning Huisman 0-0: Ground out U3 (Groundball, 3S)
Batting: RHB Robinson Pacheco 0-0: Called Strike
0-1: Ball
1-1: Foul Ball, location: 2F
1-2: Fly out, F8 (Flyball, 8RD)
Batting: RHB Sadayoshi Kato 0-0: Foul Ball, location: 2F
0-1: SOLO HOME RUN (Flyball, 9D), Distance : 388 ft
Batting: RHB Randy Sheppard 0-0: SINGLE (Line Drive, 7LM)
Batting: LHB Roberto Sandoval 0-0: Called Strike
0-1: Ball
1-1: Called Strike
1-2: Fly out, F4 (Line Drive, 4MD)
Top of the 1st over - 1 run(s), 2 hit(s), 0 error(s), 1 left on base; Santa Fe 1 - New Hampshire 0
BOTTOM OF THE 1ST
New Hampshire Fisher Cats batting - Pitching for Santa Fe Diablos : RHP Gary Grimes
Pitching: RHP Gary Grimes
Batting: RHB Matt Silver 0-0: Ball
1-0: Ground out 5-3 (Groundball, 56)
Batting: RHB Anthony Hezell 0-0: Ground out 6-3 (Groundball, 6)
Batting: LHB Sam Barnes Single, Error in OF, E8, batter to second base
Batting: RHB Roberto Peña 0-0: Ball
1-0: Foul Ball, location: 2F
1-1: Ball
2-1: Fly out, F9 (Flyball, 89D)
Bottom of the 1st over - 0 run(s), 1 hit(s), 1 error(s), 1 left on base; Santa Fe 1 - New Hampshire 0
TOP OF THE 2ND
Santa Fe Diablos batting - Pitching for New Hampshire Fisher Cats : RHP Troy Bannon
Batting: RHB Roberto Zamora 0-0: Ball
1-0: Foul Ball, location: 2F
1-1: SINGLE (Flyball, 9LS)
Batting: LHB Juan Ontiveros 0-0: Ball
1-0: Foul Ball, location: 2F
1-1: Called Strike
1-2: Fly out, F8 (Flyball, 8LS)
Batting: LHB Don Soper 0-0: Swinging Strike
0-1: Ball
1-1: Foul Ball, location: 2F
1-2: Strikes out swinging
Batting: RHB Diego Francisco 0-0: Fly out, F7 (Flyball, 78M)
Top of the 2nd over - 0 run(s), 1 hit(s), 0 error(s), 1 left on base; Santa Fe 1 - New Hampshire 0
BOTTOM OF THE 2ND
New Hampshire Fisher Cats batting - Pitching for Santa Fe Diablos : RHP Gary Grimes
Batting: RHB Phil Matthews 0-0: Called Strike
0-1: DOUBLE (Line Drive, 8LD)
Batting: RHB Keith Ford 0-0: Ball
1-0: Called Strike
1-1: Swinging Strike
1-2: Strikes out swinging
Batting: LHB Gustavo Lozano 0-0: Ball
1-0: Ball
2-0: Swinging Strike
2-1: Foul Ball, location: 2F
2-2: Strikes out looking
Batting: RHB Júlio Trinidad 0-0: Ball
1-0: Ball
2-0: Ground out 5-3 (Groundball, 56)
Bottom of the 2nd over - 0 run(s), 1 hit(s), 0 error(s), 1 left on base; Santa Fe 1 - New Hampshire 0
TOP OF THE 3RD
Santa Fe Diablos batting - Pitching for New Hampshire Fisher Cats : RHP Troy Bannon
Batting: RHB Henning Huisman 0-0: Ball
1-0: Foul Ball, location: 2F
1-1: Ball
2-1: Foul Ball, location: 2F
2-2: Strikes out swinging
Batting: RHB Robinson Pacheco 0-0: Ball
1-0: DOUBLE (Flyball, 9M)
Batting: RHB Sadayoshi Kato 0-0: Called Strike
0-1: Ball
1-1: Ball
2-1: Ball
3-1: Foul Ball, location: 2F
3-2: Base on Balls
Batting: RHB Randy Sheppard 0-0: Fly out, F8 (Line Drive, 78M)
Batting: LHB Roberto Sandoval 0-0: Ball
1-0: Ball
2-0: Ground out 4-3 (Groundball, 4)
Top of the 3rd over - 0 run(s), 1 hit(s), 0 error(s), 2 left on base; Santa Fe 1 - New Hampshire 0
BOTTOM OF THE 3RD
New Hampshire Fisher Cats batting - Pitching for Santa Fe Diablos : RHP Gary Grimes
Batting: RHB Brad French 0-0: Swinging Strike
0-1: Ball
1-1: Ball
2-1: Ball
3-1: Called Strike
3-2: Foul Ball, location: 2F
3-2: Fly out, F9 (Line Drive, 9M)
Batting: RHB Matt Silver 0-0: Swinging Strike
0-1: Ball
1-1: SOLO HOME RUN (Flyball, 7D), Distance : 395 ft
Batting: RHB Anthony Hezell 0-0: Ball
1-0: SINGLE (Groundball, 6MD)
Batting: LHB Sam Barnes 0-0: Called Strike
0-1: Ball
1-1: Foul Ball, location: 2F
1-2: Fly out, F8 (Flyball, 8LS)
Batting: RHB Roberto Peña 0-0: SINGLE (Line Drive, 56D)
Anthony Hezell to second
Batting: RHB Phil Matthews 0-0: Ball
1-0: Ground out 5-3 (Groundball, 5)
Bottom of the 3rd over - 1 run(s), 3 hit(s), 0 error(s), 2 left on base; Santa Fe 1 - New Hampshire 1
TOP OF THE 4TH
Santa Fe Diablos batting - Pitching for New Hampshire Fisher Cats : RHP Troy Bannon
Batting: RHB Roberto Zamora 0-0: Ball
1-0: Ball
2-0: SINGLE (Line Drive, 9S)
Batting: LHB Juan Ontiveros 0-0: Ball
1-0: Ball
2-0: Ground out 3-1 (Groundball, 34)
Roberto Zamora to second
Batting: LHB Don Soper 0-0: Fly out, F7 (Flyball, 7LM)
Batting: RHB Diego Francisco 0-0: Ball
1-0: Called Strike
1-1: Foul Ball, location: 2F
1-2: Strikes out swinging
Top of the 4th over - 0 run(s), 1 hit(s), 0 error(s), 1 left on base; Santa Fe 1 - New Hampshire 1
BOTTOM OF THE 4TH
New Hampshire Fisher Cats batting - Pitching for Santa Fe Diablos : RHP Gary Grimes
Batting: RHB Keith Ford 0-0: Foul Ball, location: 2F
0-1: Called Strike
0-2: Foul Ball, location: 2F
0-2: Ball
1-2: Foul Ball, location: 2F
1-2: Strikes out looking
Batting: LHB Gustavo Lozano 0-0: Foul Ball, location: 2F
0-1: Fly out, F9 (Line Drive, 89D)
Batting: RHB Júlio Trinidad 0-0: Called Strike
0-1: Foul Ball, location: 2F
0-2: Strikes out swinging
Bottom of the 4th over - 0 run(s), 0 hit(s), 0 error(s), 0 left on base; Santa Fe 1 - New Hampshire 1
TOP OF THE 5TH
Santa Fe Diablos batting - Pitching for New Hampshire Fisher Cats : RHP Troy Bannon
Batting: RHB Henning Huisman 0-0: Ball
1-0: Ball
2-0: Called Strike
2-1: Ball
3-1: Foul Ball, location: 2F
3-2: Foul Ball, location: 2F
3-2: Fly out, F8 (Flyball, 8LD)
Batting: RHB Robinson Pacheco 0-0: Bunted foul
0-1: SINGLE (Line Drive, 78S)
Batting: RHB Sadayoshi Kato 0-0: Called Strike
0-1: Foul Ball, location: 2F
0-2: Ball
1-2: Ball
2-2: Foul Ball, location: 2F
2-2: SINGLE (Groundball, 34)
Robinson Pacheco to second
Runner from 2nd tries for 3rd, OUT!
Batting: RHB Randy Sheppard 0-0: SINGLE (Line Drive, 6MD)
Sadayoshi Kato to second
Batting: LHB Roberto Sandoval 0-0: Foul Ball, location: 2F
0-1: Called Strike
0-2: Ball
1-2: Ground out 4-3 (Groundball, 4)
Top of the 5th over - 0 run(s), 3 hit(s), 0 error(s), 2 left on base; Santa Fe 1 - New Hampshire 1
BOTTOM OF THE 5TH
New Hampshire Fisher Cats batting - Pitching for Santa Fe Diablos : RHP Gary Grimes
Batting: RHB Brad French 0-0: Called Strike
0-1: Foul Ball, location: 2F
0-2: Ball
1-2: Ball
2-2: Ground out 6-3 (Groundball, 6)
Batting: RHB Matt Silver 0-0: Called Strike
0-1: Ground out 4-3 (Groundball, 4)
Batting: RHB Anthony Hezell 0-0: Ball
1-0: Called Strike
1-1: Fly out, F8 (Flyball, 8LS)
Bottom of the 5th over - 0 run(s), 0 hit(s), 0 error(s), 0 left on base; Santa Fe 1 - New Hampshire 1
TOP OF THE 6TH
Santa Fe Diablos batting - Pitching for New Hampshire Fisher Cats : RHP Troy Bannon
Batting: RHB Roberto Zamora 0-0: Ball
1-0: Called Strike
1-1: Swinging Strike
1-2: Ball
2-2: Strikes out swinging
Batting: LHB Juan Ontiveros 0-0: Foul Ball, location: 2F
0-1: Swinging Strike
0-2: Ball
1-2: Ground out 4-3 (Groundball, 4)
Batting: LHB Don Soper 0-0: Ball
1-0: Ball
2-0: Fly out, F7 (Flyball, 7M)
Top of the 6th over - 0 run(s), 0 hit(s), 0 error(s), 0 left on base; Santa Fe 1 - New Hampshire 1
BOTTOM OF THE 6TH
New Hampshire Fisher Cats batting - Pitching for Santa Fe Diablos : RHP Gary Grimes
Batting: LHB Sam Barnes 0-0: Foul Ball, location: 2F
0-1: Ball
1-1: Foul Ball, location: 2F
1-2: Strikes out looking
Batting: RHB Roberto Peña 0-0: Ball
1-0: Swinging Strike
1-1: Foul Ball, location: 2F
1-2: Ball
2-2: Ball
3-2: Foul Ball, location: 2F
3-2: Base on Balls
Batting: RHB Phil Matthews 0-0: Ball
1-0: Ball
2-0: Called Strike
2-1: Fly out, F6 (Line Drive, 6)
Batting: RHB Keith Ford 0-0: Called Strike
Roberto Peña is caught stealing 2nd base
Bottom of the 6th over - 0 run(s), 0 hit(s), 0 error(s), 0 left on base; Santa Fe 1 - New Hampshire 1
TOP OF THE 7TH
Santa Fe Diablos batting - Pitching for New Hampshire Fisher Cats : RHP Troy Bannon
Batting: RHB Diego Francisco 0-0: Called Strike
0-1: Called Strike
0-2: Ball
1-2: Strikes out swinging
Pinch Hitting: RHB Bill Finley 0-0: Called Strike
0-1: Called Strike
0-2: Ball
1-2: Reaches on Catchers interference
Pitching: RHP Jorge Flores
Batting: RHB Robinson Pacheco 0-0: Ball
1-0: Ball
2-0: Ball
3-0: Base on Balls
Bill Finley to second
Batting: RHB Sadayoshi Kato 0-0: Swinging Strike
0-1: Swinging Strike
0-2: Foul Ball, location: 2F
0-2: Ball
1-2: Ball
2-2: Ball
3-2: Base on Balls
Bill Finley to third
Robinson Pacheco to second
Batting: RHB Randy Sheppard 0-0: Called Strike
0-1: Foul Ball, location: 2F
0-2: Fielders Choice at 2nd, 5-4 (Groundball, 5)
Bill Finley scores
Robinson Pacheco to third
Batting: LHB Roberto Sandoval 0-0: Swinging Strike
0-1: Ball
1-1: Foul Ball, location: 2F
1-2: Ball
2-2: Ball
3-2: Strikes out swinging
Top of the 7th over - 1 run(s), 0 hit(s), 1 error(s), 2 left on base; Santa Fe 2 - New Hampshire 1
BOTTOM OF THE 7TH
New Hampshire Fisher Cats batting - Pitching for Santa Fe Diablos : RHP Gary Grimes
Now in LF: Gerardo Álvarez
Batting: RHB Keith Ford 0-0: Ground out 4-3 (Groundball, 4)
Batting: LHB Gustavo Lozano 0-0: Called Strike
0-1: Foul Ball, location: 2F
0-2: Foul Ball, location: 2F
0-2: Ball
1-2: DOUBLE (Line Drive, 9LS)
Batting: RHB Júlio Trinidad 0-0: Ground out 5-3 (Groundball, 56)
Batting: RHB Brad French 0-0: Ball
1-0: Called Strike
1-1: Ball
2-1: Fly out, F8 (Line Drive, 89S)
Bottom of the 7th over - 0 run(s), 1 hit(s), 0 error(s), 1 left on base; Santa Fe 2 - New Hampshire 1
TOP OF THE 8TH
Santa Fe Diablos batting - Pitching for New Hampshire Fisher Cats : RHP Jorge Flores
Pitching: LHP Carlos Berru
Batting: RHB Roberto Zamora 0-0: Ball
1-0: Called Strike
1-1: Fly out, F8 (Flyball, 8RM)
Batting: LHB Juan Ontiveros 0-0: Ball
1-0: Foul Ball, location: 2F
1-1: Swinging Strike
1-2: Strikes out looking
Batting: LHB Don Soper 0-0: Foul Ball, location: 2F
0-1: Ball
1-1: Swinging Strike
1-2: Ball
2-2: Strikes out swinging
Top of the 8th over - 0 run(s), 0 hit(s), 0 error(s), 0 left on base; Santa Fe 2 - New Hampshire 1
BOTTOM OF THE 8TH
New Hampshire Fisher Cats batting - Pitching for Santa Fe Diablos : RHP Gary Grimes
Now at 2B: Jorge Rodríguez
Batting: RHB Matt Silver 0-0: Ball
1-0: Foul Ball, location: 2F
1-1: Ground out 5-3 (Groundball, 5)
Batting: RHB Anthony Hezell 0-0: Called Strike
0-1: Foul Ball, location: 2F
0-2: Foul Ball, location: 2F
0-2: Strikes out looking
Batting: LHB Sam Barnes 0-0: Called Strike
0-1: Ball
1-1: Ball
2-1: Foul Ball, location: 2F
2-2: Ground out U3 (Groundball, 3L)
Bottom of the 8th over - 0 run(s), 0 hit(s), 0 error(s), 0 left on base; Santa Fe 2 - New Hampshire 1
TOP OF THE 9TH
Santa Fe Diablos batting - Pitching for New Hampshire Fisher Cats : LHP Carlos Berru
Batting: RHB Diego Francisco 0-0: Ball
1-0: Foul Ball, location: 2F
1-1: Ball
2-1: Called Strike
2-2: Strikes out looking
Batting: RHB Gerardo Álvarez 0-0: Foul Ball, location: 2F
0-1: Foul Ball, location: 2F
0-2: Ball
1-2: Ball
2-2: Ball
3-2: SINGLE (Line Drive, 8RS)
Pitching: RHP Ernesto Rivera
Batting: RHB Robinson Pacheco 0-0: Foul Ball, location: 2F
0-1: Ball
1-1: Ball
2-1: Called Strike
2-2: Foul Ball, location: 2F
2-2: Strikes out swinging
Gerardo Álvarez steals 2nd base
Batter strikes out.
Batting: RHB Sadayoshi Kato 0-0: Called Strike
0-1: Ball
1-1: Swinging Strike
1-2: Strikes out swinging
Top of the 9th over - 0 run(s), 1 hit(s), 0 error(s), 1 left on base; Santa Fe 2 - New Hampshire 1
BOTTOM OF THE 9TH
New Hampshire Fisher Cats batting - Pitching for Santa Fe Diablos : RHP Gary Grimes
Pitching: RHP Tex Perkins
Batting: RHB Roberto Peña 0-0: Ball
1-0: Ball
2-0: Called Strike
2-1: Called Strike
2-2: Ball
3-2: Fly out, F8 (Line Drive, 8LS)
Batting: RHB Phil Matthews 0-0: Ground out 6-3 (Groundball, 6)
Batting: RHB Keith Ford 0-0: Ball
1-0: Ball
2-0: Called Strike
2-1: DOUBLE (Groundball, 5L)
Batting: LHB Gustavo Lozano 0-0: Ball
1-0: Ball
2-0: Ball
3-0: Base on Balls
Batting: RHB Júlio Trinidad 0-0: Called Strike
0-1: Ball
1-1: Called Strike
1-2: Foul Ball, location: 2F
1-2: Ball
2-2: Foul Ball, location: 2F
2-2: SINGLE (Groundball, 4M)
Keith Ford to third
Gustavo Lozano to second
Pinch Hitting: RHB Billy Campbell 0-0: Swinging Strike
0-1: Swinging Strike
0-2: Ball
1-2: Strikes out swinging
Bottom of the 9th over - 0 run(s), 2 hit(s), 0 error(s), 3 left on base; Santa Fe 2 - New Hampshire 1
This league is powered by Out of the Park Baseball, the baseball management simulation game for PC, Mac and Linux
Wednesday, December 2nd, 2015 - OOTP Baseball 16.8 Build 38